 Dungeon Crawl Stone Soup version 0.26-a0-812-g31a745ddcd (webtiles) character file.

Game seed: 17530626255923132059

5124 graki42 the Thaumaturge (level 10, -7/50 HPs)
             Began as a Deep Elf Conjurer on Nov 20, 2020.
             Was a Priest of Kikubaaqudgha.
             Mangled by Harold
             ... wielding a +0 scimitar
              (18 damage)
             ... on level 9 of the Dungeon.
             The game lasted 00:31:32 (10207 turns).

graki42 the Thaumaturge (Deep Elf Conjurer)        Turns: 10207, Time: 00:31:32

Health: -7/50      AC:  7    Str:  7    XL:     10   Next: 32%
Magic:  2/24       EV: 14    Int: 24    God:    Kikubaaqudgha [***...]
Gold:   311        SH:  0    Dex: 13    Spells: 19/30 levels left

rFire    . . .     SeeInvis .   (no weapon)
rCold    . . .     Faith    .   (no shield)
rNeg     . . .     Spirit   .   F - +0 swamp dragon scales
rPois    +         Reflect  .   (no helmet)
rElec    .         Harm     .   (no cloak)
rCorr    .         Rampage  .   (no gloves)
MR       +....                  (no boots)
Stlth    ++........             t - amulet of regeneration
HPRegen  0.56/turn              l - ring of wizardry
MPRegen  0.19/turn              h - +4 ring of evasion

@: marked, lightly drained
A: low mp 1
a: Receive Corpses, Renounce Religion


You were on level 9 of the Dungeon.
You worshipped Kikubaaqudgha.
Kikubaaqudgha was most pleased with you.
You visited 2 branches of the dungeon, and saw 10 of its levels.
You also visited: Ossuary.

You collected 311 gold pieces.

Inventory:

Armour
 a - a +0 robe
 y - a +0 buckler
 F - +0 swamp dragon scales (worn)
Jewellery
 c - a +6 ring of strength
 e - an uncursed amulet of faith
 h - a +4 ring of evasion (right hand)
 l - a ring of wizardry (left hand)
 r - an uncursed amulet of guardian spirit
 t - an amulet of regeneration (around neck)
Wands
 p - a wand of flame (18)
 u - a wand of random effects (41)
Scrolls
 b - 9 scrolls of remove curse
 i - 5 scrolls of fear {unknown}
 k - 5 scrolls of teleportation {unknown}
 o - 11 scrolls of identify {unknown}
 x - 2 scrolls of amnesia {unknown}
 A - 3 scrolls of blinking {unknown}
 B - a scroll of torment {unknown}
 D - a scroll of enchant armour {unknown}
 E - a scroll of noise {unknown}
Potions
 d - a potion of magic {unknown}
 f - 4 potions of haste {unknown}
 g - a potion of resistance {unknown}
 j - a potion of invisibility {unknown}
 m - a potion of cancellation {unknown}
 n - a potion of flight {unknown}
 q - 8 potions of curing {unknown}
 s - 2 potions of degeneration {unknown}
 v - 2 potions of heal wounds {unknown}
 w - a potion of attraction {unknown}
 z - a potion of berserk rage {unknown}
 C - a potion of lignification {unknown}
 G - 2 potions of ambrosia {unknown}


   Skills:
 + Level 2.1 Armour
 - Level 3.0(2.9) Dodging
 - Level 3.0(2.9) Stealth
 + Level 10.5 Spellcasting
 + Level 9.6 Conjurations
 + Level 9.2 Hexes
 + Level 7.7(7.6) Translocations


You had 19 spell levels left.
You knew the following spells:

 Your Spells              Type           Power        Failure   Level
a - Magic Dart            Conj           ####         1%          1
b - Searing Ray           Conj           ######       1%          2
c - Fulminant Prism       Conj/Hex       ######....   1%          4
d - Iskenderun's Mystic   Conj/Tloc      ######..     1%          4

Your spell library contained the following spells:

 Spells                   Type           Power        Failure   Level
 Blink                    Tloc           N/A          1%          2
 Slow                     Hex            ######..     1%          2
 Dazzling Flash           Conj/Hex       ######       1%          3
 Portal Projectile        Hex/Tloc       ######       1%          3
 Teleport Other           Tloc           #####...     1%          3
 Conjure Flame            Conj/Fire      #####...     2%          3
 Mephitic Cloud           Conj/Pois/Air  ####....     5%          3
 Pain                     Necr           ##..         7%          1
 Call Imp                 Summ           ##......     11%         2
 Corpse Rot               Necr/Air       N/A          11%         2
 Poisonous Vapours        Pois/Air       ##....       11%         2
 Sublimation of Blood     Necr           ##........   11%         2
 Vampiric Draining        Necr           ##........   21%         3
 Animate Dead             Necr           ##........   52%         4
 Dispel Undead            Necr           ##......     52%         4
 Agony                    Necr           ##......     86%         5
 Borgnjor's Vile Clutch   Necr/Erth      ##........   86%         5
 Excruciating Wounds      Necr           ##........   86%         5
 Freezing Cloud           Conj/Ice/Air   ####......   92%         6


Dungeon Overview and Level Annotations

Branches:
Dungeon (9/15)             Temple (1/1) D:4         Ossuary (visited)
   Lair: D:8-11         Orc: D:9-12

Altars:
Ashenzari
Cheibriados
Dithmenos
Elyvilon
Fedhas
Gozag
Hepliaklqana
Kikubaaqudgha
Makhleb
Nemelex Xobeh
Okawaru
Qazlal
Ru
Sif Muna
Trog
Uskayaw
Vehumet
Wu Jian
Xom
Yredelemnul
Zin
The Shining One

Annotations:
D:8 1 runed translucent door, Finra's ghost, novice MiFi
D:9 Harold


Innate Abilities, Weirdness & Mutations

Your magical capacity is low. (-10% MP)


Message History

Aim: Harold, wielding a +0 scimitar and wearing a +0 scale mail (heavily wounded)
The searing ray misses Harold.
The searing ray hits the scorpion!
You kill the scorpion!
Kikubaaqudgha accepts your kill. (Press . to maintain the ray.) Harold says, "Let's make it quick, okay?
I've got mouths to feed."
Harold casts a spell at you. A sentinel's mark forms upon you.
The searing ray hits Harold!
Harold is heavily wounded.
Harold barely misses you.
The searing ray hits Harold!
Harold is severely wounded.
Harold hits you with a +0 scimitar!
* * * LOW HITPOINT WARNING * * *
The searing ray hits Harold!
Harold is severely wounded.
You finish channeling your searing ray.
Harold hits you with a +0 scimitar!!
You die...
Kikubaaqudgha rasps: "You have failed me!
Welcome... death!"

###)####### #...#
#.### #####'########
.............# #
###..........# ##.#
#..........### ##.....
#............##.).....
#..........'..@@)†....
#..........######.....
#.#####'#### #≈# #.#
#. #...# ≈≈≈ # #####
≈≈≈# ##≈## ### ...


You could see Harold.

Vanquished Creatures
  A two-headed ogre (D:8)
  Pikel (D:4)
  Maggie (D:8)
  Eustachio (D:6)
  A water moccasin (D:5)
  2 orc warriors (D:6)
  A hornet zombie (D:8)
  An ice beast (D:5)
  4 ogres
  A phantom (D:7)
  2 black bears
  An eye of draining (D:8)
  A centaur (D:6)
  An elf zombie (Ossuary)
  A troll zombie (Ossuary)
  2 scorpions
  5 killer bees (D:7)
  2 howler monkeys (D:8)
  4 wights (D:9)
  3 centaur zombies
  2 quasits
  5 jellies
  5 hounds
  5 orc priests
  2 gnoll shamans
  3 centaur skeletons
  Ijyb (D:4)
  Terence (D:2)
  7 orc wizards
  7 worker ants
  A killer bee zombie (D:8)
  A big kobold zombie (Ossuary)
  2 ogre zombies (Ossuary)
  A hound zombie (D:6)
  7 mummies (Ossuary)
  6 adders
  12 gnolls
  A shadow imp (D:8)
  3 oozes
  7 adder zombies
  4 worms
  3 dart slugs
  7 leopard geckos
  24 orcs
  2 bats (D:1)
  10 giant cockroaches
  A gnoll zombie (Ossuary)
  10 goblins
  9 hobgoblins
  5 jackals
  4 kobolds
  4 quokkas
  3 ball pythons
  5 frilled lizards
  8 goblin zombies (Ossuary)
  2 hobgoblin zombies (Ossuary)
  A jackal skeleton (D:5)
  A kobold zombie (Ossuary)
  A leopard gecko skeleton (D:4)
  An orc zombie (Ossuary)
  2 quokka zombies (Ossuary)
  8 rats
  3 rat zombies (Ossuary)
233 creatures vanquished.

Vanquished Creatures (others)
  15 fulminant prisms
  A plant (D:3)
16 creatures vanquished.

Grand Total: 249 creatures vanquished

Notes
Turn   | Place    | Note
-------+----------+-------------------------------------------
     0 | D:1      | graki42 the Deep Elf Conjurer began the quest for the Orb.
     0 | D:1      | Reached XP level 1. HP: 10/10 MP: 6/6
   201 | D:1      | Reached XP level 2. HP: 15/15 MP: 5/8
   231 | D:1      | Learned a level 2 spell: Searing Ray
   745 | D:1      | Reached XP level 3. HP: 19/19 MP: 8/10
  1174 | D:2      | Reached skill level 4 in Spellcasting
  1211 | D:2      | Reached skill level 5 in Conjurations
  1545 | D:2      | Noticed Terence
  1551 | D:2      | Killed Terence
  1551 | D:2      | Reached XP level 4. HP: 24/24 MP: 3/12
  1557 | D:2      | Learned a level 4 spell: Fulminant Prism
  1562 | D:2      | Learned a level 4 spell: Iskenderun's Mystic Blast
  2176 | D:3      | Reached skill level 5 in Spellcasting
  2400 | D:3      | Found a broken altar of Ashenzari.
  2403 | D:3      | Found a white marble altar of Elyvilon.
  2404 | D:3      | Found a shimmering altar of Xom.
  2447 | D:3      | Reached XP level 5. HP: 28/28 MP: 6/14
  2664 | D:3      | Found a blossoming altar of Fedhas.
  2867 | D:4      | Reached skill level 1 in Hexes
  2867 | D:4      | Reached skill level 1 in Translocations
  3030 | D:4      | Noticed Ijyb
  3053 | D:4      | Killed Ijyb
  3053 | D:4      | Reached XP level 6. HP: 17/32 MP: 4/16
  3732 | D:4      | Found a staircase to the Ecumenical Temple.
  3742 | Temple   | Entered the Ecumenical Temple
  3889 | Temple   | Became a worshipper of Kikubaaqudgha
  3982 | D:3      | Found a shadowy altar of Dithmenos.
  3982 | D:3      | Found a snail-covered altar of Cheibriados.
  4000 | D:4      | Reached skill level 6 in Spellcasting
  4097 | D:4      | Noticed Pikel
  4105 | D:4      | Killed Pikel
  4105 | D:4      | Reached skill level 7 in Spellcasting
  4105 | D:4      | Reached XP level 7. HP: 36/36 MP: 5/19
  4109 | D:4      | Reached XP level 8. HP: 41/41 MP: 1/20
  4370 | D:4      | Found an iron altar of Okawaru.
  4370 | D:4      | Found a radiant altar of Vehumet.
  4551 | D:5      | Entered Level 5 of the Dungeon
  4627 | D:5      | Found a sand-covered staircase.
  4721 | D:5      | Reached skill level 5 in Hexes
  5545 | D:6      | Found a shimmering blue altar of Sif Muna.
  5599 | D:6      | Reached skill level 8 in Spellcasting
  5599 | D:6      | Reached * piety under Kikubaaqudgha
  5599 | D:6      | Identified Kikubaaqudgha's Papyrus of Black Secrets
                  | (Kikubaaqudgha gifted it to you on level 6 of the Dungeon)
  5599 | D:6      | Received a gift from Kikubaaqudgha
  5671 | D:6      | Got a polished leather armour
  5679 | D:6      | Found a sand-covered staircase.
  5693 | D:6      | Identified the +1 leather armour "Nocod" {*Contam *Slow
                  | rF+++ Int+5} (You found it on level 6 of the Dungeon)
  5706 | D:6      | Gained mutation: Your magical capacity is low. (-10% MP)
                  | [mutagenic glow]
  5712 | Ossuary  | Entered an ossuary
  5719 | Ossuary  | Reached skill level 5 in Translocations
  6852 | Ossuary  | Reached ** piety under Kikubaaqudgha
  7015 | D:6      | Reached XP level 9. HP: 21/45 MP: 17/21
  7543 | D:6      | Reached skill level 9 in Spellcasting
  7652 | D:6      | Noticed Eustachio
  7657 | D:6      | Killed Eustachio
  7976 | D:7      | You fall into a shaft and drop 1 floor!
  8056 | D:8      | Noticed Maggie
  8071 | D:8      | Killed Maggie
  8258 | D:8      | Reached *** piety under Kikubaaqudgha
  8258 | D:8      | Identified Kikubaaqudgha's Reference Book on Dark Arts
                  | (Kikubaaqudgha gifted it to you on level 8 of the Dungeon)
  8258 | D:8      | Received a gift from Kikubaaqudgha
  8373 | D:7      | Reached skill level 10 in Spellcasting
  8551 | D:7      | Reached skill level 1 in Armour
  8966 | D:7      | Reached XP level 10. HP: 50/50 MP: 20/23
  8992 | D:7      | Found a shimmering blue altar of Sif Muna.
  9398 | D:8      | Found a runed translucent door.
  9398 | D:8      | Found a shimmering altar of Xom.
  9398 | D:8      | Noticed Finra's ghost (novice MiFi)
  9398 | D:8      | Noticed a +0 rapier of chaos
  9797 | D:8      | Noticed a two-headed ogre
  9803 | D:8      | HP: 2/50 [two-headed ogre/+0 giant spiked club (23)]
  9804 | D:8      | Killed a two-headed ogre
 10161 | D:9      | Identified Sif Muna's Guide on Dislocated Black Magic
 10192 | D:9      | Noticed Harold
 10207 | D:9      | Mangled by Harold

Illustrated notes

Levels and vault maps discovered:
D:1:      matt_arrival_refuge, layout_basic, minmay_worlds_worst_comb
D:2:      layout_basic, chequers_serial_rivers_small_b, uniq_terence
D:3:      layout_rooms, nicolae_overflow_hidden_temple, fedhas_ov_isle_minmay
D:4:      kennysheep_the_goblin_king, layout_basic,
          gammafunk_temple_overflow_wave, minmay_temple_entry_arrows,
          hangedman_decor_growths, uniq_pikel, uniq_ijyb
D:5:      layout_cave_pools, chequers_ossuary_entry_cave, minmay_diced_spiral
D:6:      layout_loops_cross, lemuel_doored_altar, enter_ossuary_2,
          uniq_eustachio
D:7:      layout_cave_pods, hangedman_decor_riveting, tgw_sif
D:8:      layout_cave_pools, ebering_ghost_xom, uniq_maggie
D:9:      layout_roguey, minmay_lair_entry_grove, serial_aquarium,
          aquarium_bridge_square [aquarium_subvault_bridge,
          aquarium_subvault_bridge, aquarium_subvault_wall,
          aquarium_subvault_wall], aquarium_window_1, aquarium_window_1,
          aquarium_window_1, aquarium_window_corridor_3, aquarium_view_2c,
          aquarium_view_2d, aquarium_balcony_3b, aquarium_pool_five,
          uniq_harold, uniq_erolcha
Temple:   dshaligram_water_room_temple

Skill      XL: |  1  2  3  4  5  6  7  8  9 10 |
---------------+-------------------------------+-----
Stealth        | 3 |  3.0
Dodging        | 3 |  3.0
Spellcasting   | 4 5 7 8 10 | 10.5
Conjurations   | 5 6 7 8 9 |  9.6
Hexes          | 2 4 6 8 9 |  9.2
Translocations | 1 3 4 5 7 |  7.7
Armour         | 1 2 |  2.1

Action                   |  1- 3 |  4- 6 |  7- 9 | 10-12 || total
-------------------------+-------+-------+-------+-------++-------
 Cast: Magic Dart        |    39 |    41 |    31 |     7 ||   118
       Searing Ray       |    13 |    27 |    98 |    21 ||   159
       Fulminant Prism   |       |     3 |    11 |     1 ||    15
       Iskenderun's Myst |       |       |     4 |     2 ||     6
  Use: Scroll            |       |     1 |     1 |       ||     2
Armor: Robe              |     4 |     2 |     6 |       ||    12
       Swamp dragon scal |       |       |       |     2 ||     2
Dodge: Dodged            |     6 |    14 |    52 |     4 ||    76

Table legend: (Time is in decaauts)
 A = Elapsed time spent in this place.
 B = Non-inter-level travel time spent in this place.
 C = Inter-level travel time spent in this place.
 D = Time resting spent in this place.
 E = Time spent auto-exploring this place.
 F = Levels seen in this place.
 G = Mean time per level.
                   A        B        C        D        E       F      G
               +--------+--------+--------+--------+--------+-----+--------+
         Total |  10209 |   9976 |    233 |   1657 |   6868 |  11 |  928.1 |
       Dungeon |   8875 |   8655 |    220 |   1217 |   6342 |   9 |  986.1 |
        Temple |    160 |    147 |     13 |      0 |    112 |   1 |  160.0 |
       Ossuary |   1172 |   1172 |      0 |    440 |    414 |   1 | 1172.0 |
               +--------+--------+--------+--------+--------+-----+--------+

Top non-repeatable levels by time:
     D:4: 1649 daAuts
     D:7: 1347 daAuts
 Ossuary: 1172 daAuts
     D:1: 1163 daAuts
     D:6: 1039 daAuts
     D:8: 987 daAuts
     D:2: 924 daAuts
     D:5: 919 daAuts
     D:3: 724 daAuts
  Temple: 160 daAuts
     D:9: 119 daAuts
